 Dungeon Crawl Stone Soup version 0.30.1-9-gdf580d7c3d (webtiles) character file.

Game seed: 15047688483741442803

4 leafyfresh the Magician (level 1, -2/15 HPs)
             Began as a Djinni Ice Elementalist on Oct 13, 2023.
             Slain by a quokka (3 damage)
             ... on level 1 of the Dungeon.
             The game lasted 00:00:14 (243 turns).

leafyfresh the Magician (Djinni Ice Elementalist)    Turns: 243, Time: 00:00:15

Health: -2/15      AC:  2    Str:  7    XL:     1   Next: 77%
Gold:   42         EV: 12    Int: 16    God:
                   SH:  0    Dex: 13

rFire   + + .        (no weapon)
rCold   x . .        (no shield)
rNeg    . . .        a - +0 robe
rPois   ∞            (no helmet)
rElec   .            (no cloak)
rCorr   .            (no gloves)
SInv    .            (boots unavailable)
Will    .....        (no amulet)
Stlth   ++           (no ring)
HPRegen 0.22/turn    (no ring)
MPRegen 0.00/turn

%: infuse magic (-3 HP)
@: flying
A: sickness immunity, fire resistance 2, cold vulnerability 1, float, innate
caster, HP casting, extra vitality 1
a: no special abilities


You were on level 1 of the Dungeon.
You visited 1 branch of the dungeon, and saw 1 of its levels.

You collected 42 gold pieces.

Inventory:

Armour
 a - a +0 robe (worn)
Scrolls
 b - a scroll of identify {unknown}
 c - a scroll of teleportation {unknown}
 d - 3 scrolls of fog {unknown}
Potions
 e - a potion of heal wounds {unknown}


   Skills:
 - Level 2.1 Dodging
 - Level 1.5 Stealth
 + Level 3.4 Spellcasting


You knew the following spells:

 Your Spells              Type           Power      Damage    Failure   Level
a - Freeze                Ice            52%        1d6       4%          1
b - Frozen Ramparts       Ice            26%        1d4       13%         3
c - Ozocubu's Armour      Ice            13%        N/A       13%         3
d - Summon Ice Beast      Ice/Summ       13%        N/A       38%         4
Your spell library was empty.

Dungeon Overview and Level Annotations

Branches:
Dungeon (1/15)

Altars:


Innate Abilities, Weirdness & Mutations

You are immune to sickness and miasma.
You are immune to poison.
Your flesh is very heat resistant. (rF++)
You are vulnerable to cold. (rC-)
You float through the air rather than walking.
You learn spells naturally, not from books.
Your magical power is your life essence.
You have superior vitality. (+4 MHP)


Message History

The ball python hisses angrily.
The quokka misses you.
There are monsters nearby!
You hit the quokka but do no damage. The quokka bites you.
The ball python bites you. The ball python barely misses you.
There are monsters nearby!
You hit the ball python but do no damage.
The quokka bites you. The ball python bites you.
The ball python closely misses you. The quokka bites you.
Casting: Freeze (safe; 4% risk of failure)
Confirm with . or Enter, or press ? or * to list all spells.
Aiming: Freeze (safe; 4% risk of failure)
Press: ? - help, Shift-Dir - straight line, f - ball python
Aim: a ball python You freeze the ball python!
You kill the ball python!
The quokka closely misses you.
Casting: Freeze (safe; 4% risk of failure)
Confirm with . or Enter, or press ? or * to list all spells.
Aiming: Freeze (safe; 4% risk of failure)
Press: ? - help, Shift-Dir - straight line, f - quokka
Aim: a quokka You freeze the quokka.
The quokka is severely wounded.
* * * LOW HITPOINT WARNING * * *
The quokka bites you.
* * * LOW HITPOINT WARNING * * *
Casting: Freeze (safe; 4% risk of failure)
Confirm with . or Enter, or press ? or * to list all spells.
You don't have enough health to cast this spell.
Unknown command.
Casting: Freeze (safe; 4% risk of failure)
Confirm with . or Enter, or press ? or * to list all spells.
You don't have enough health to cast this spell.
Unknown command.
Unknown command.
You hit the quokka.
The quokka is almost dead.
The quokka bites you.
You die...

##...##........####..
##+# #####.##.##...# #.
#.##....### #.
#.##..####. ##.##
#.##..###.. ##...##
#.#........ #.....
#.#.++++++. .####..r#
#.#.+....+.
.......@######...+....+.
.#####...........+..<.'.
#.########..+....+. #.
##.++++++# #. #........
#. ######### #. #.


You could see a quokka.

Vanquished Creatures
  A ball python (D:1)
  2 jackals (D:1)
  A bat (D:1)
4 creatures vanquished.

Notes
Turn   | Place    | Note
-------+----------+-------------------------------------------
     0 | D:1      | leafyfresh the Djinni Ice Elementalist began the quest for
                  | the Orb.
     0 | D:1      | leafyfresh set off with the following spells memorised:
                  | Freeze, Frozen Ramparts, Ozocubu's Armour, Summon Ice
                  | Beast.
     0 | D:1      | Reached XP level 1. HP: 15/15 MP: 0/0
   243 | D:1      | Slain by a quokka

Illustrated notes

Levels and vault maps discovered:
D:1:      lightli_arrival_maybe_door_vault, layout_loops_corners,
          serial_bayou_lagoon_b

Action                     || total
---------------------------++-------
  Melee: Unarmed           ||     5
   Cast: Freeze            ||     8
  Dodge: Dodged            ||     8
